 Dungeon Crawl Stone Soup version 0.19-a0-252-g247cc30 (webtiles) character file.

8 Musica the Charmwright (level 2, -1/23 (25) HPs)
             Began as a Ghoul Skald on May 23, 2016.
             Slain by a hobgoblin
             ... wielding a +0 club
              (4 damage)
             ... on level 1 of the Dungeon on May 25, 2016.
             The game lasted 00:02:33 (178 turns).

Musica the Charmwright (Ghoul Skald)                 Turns: 178, Time: 00:02:34

HP:   -1/23 (25)    AC:  4    Str: 15    XL:     2   Next: 8%
MP:   3/3           EV: 11    Int:  7    God:
Gold: 10            SH:  0    Dex:  8    Spells: 2 memorised, 1 level left

rFire  . . .     SeeInvis .     d - -3 spear (curse)
rCold  + . .     Gourm    .     a - +1 leather armour
rNeg   + + +     Faith    .     (no shield)
rPois  ∞         Spirit   .     (no helmet)
rElec  .         Dismiss  .     (no cloak)
rCorr  .         Reflect  .     (no gloves)
SustAt .         Harm     .     (no boots)
MR     .....                    (no amulet)
Stlth  +.........               (no ring)
                                (no ring)

@: rotting, not resistant to hostile enchantments, very unstealthy
A: rotting body, claws 1, carnivore 3, cold resistance 1, negative energy
resistance 3, slow regeneration 1, torment resistance, unbreathing
a: no special abilities


You were on level 1 of the Dungeon.
You were not hungry.

You visited 1 branch of the dungeon, and saw 1 of its levels.

You collected 10 gold pieces.

Inventory:

Hand Weapons
 d - a cursed -3 spear (weapon)
Armour
 a - a +1 leather armour (worn)
Books
 b - a book of Battle

   Spells                             Type                      Level
   a - Infusion                       Charms                       1
   b - Shroud of Golubria             Charms/Translocation         2
   c - Song of Slaying                Charms                       2
   d - Spectral Weapon                Hexes/Charms                 3
   e - Regeneration                   Charms/Necromancy            3
Comestibles
 c - a meat ration
 f - 2 chunks of flesh


   Skills:
 + Level 2.5 Fighting
 - Level 0.8 Armour
 - Level 0.8 Dodging
 + Level 2.1 Unarmed Combat
 + Level 1.7 Spellcasting
 + Level 3.0 Charms


You had one spell level left.
You knew the following spells:

 Your Spells              Type           Power        Failure   Level  Hunger
a - Infusion              Chrm           #...         14%         1    ##.....
b - Song of Slaying       Chrm           #.......     21%         2    ###....


Dungeon Overview and Level Annotations

Branches:
Dungeon (1/15)

Altars:


Innate Abilities, Weirdness & Mutations

Your body is rotting away.
You thrive on raw meat.
You are immune to poison.
You have sharp fingernails.
You are carnivorous and can eat meat at any time.
Your flesh is cold resistant. (rC+)
You are immune to negative energy. (rN+++)
You regenerate slowly when monsters are visible.
You are immune to unholy pain and torment.
You can survive without breathing.


Message History

You hit the hobgoblin.
The hobgoblin is heavily wounded.
The hobgoblin hits you but does no damage.
You hit the hobgoblin.
The hobgoblin is severely wounded.
The hobgoblin barely misses you.
You hit the hobgoblin but do no damage.
The hobgoblin is severely wounded.
The hobgoblin hits you but does no damage.
You barely miss the hobgoblin.
The hobgoblin is severely wounded.
The hobgoblin hits you but does no damage.
You hit the hobgoblin.
The hobgoblin is almost dead.
You feel your flesh rotting away. The hobgoblin closely misses you.
You barely miss the hobgoblin.
The hobgoblin is almost dead.
The hobgoblin hits you with a club.
You die...

#####. ... ...
#.#.... ####.#... .
...... . #.##.#.# ..
.####.#....# ...
.'....g@.((# ....
.####.#..#.# .....
#.#..#.#...#
#.#........#
#.#........#
#.#..#.....#
##########.#..#.....#
.................#..#
.....#####......##..#


You could see a hobgoblin.

Vanquished Creatures
  A giant gecko (D:1)
  A goblin (D:1)
  A hobgoblin (D:1)
  2 jackals (D:1)
  A rat (D:1)
6 creatures vanquished.

Notes
Turn   | Place    | Note
--------------------------------------------------------------
     0 | D:1      | Musica the Ghoul Skald began the quest for the Orb.
     0 | D:1      | Reached XP level 1. HP: 17/17 MP: 2/2
   123 | D:1      | Reached skill level 3 in Charms
   128 | D:1      | Upgraded the game from 0.19-a0-179-g16b7179 to 0.19-a0-252-g247cc30
   140 | D:1      | Reached XP level 2. HP: 4/25 MP: 3/3
   145 | D:1      | Learned a level 2 spell: Song of Slaying
   178 | D:1      | Slain by a hobgoblin

Vault maps used:
D:1:      roderic_crop_circles_arrival_small

Skill      XL: |  1 |
---------------+----+-----
Charms         | 3 |  3.0
Fighting       | |  2.5
Armour         | |  0.8
Dodging        | |  0.8
Unarmed Combat | |  2.1
Spellcasting   | |  1.7

Action                   || total
-------------------------++-------
Melee: Spear             ||    50
       Unarmed           ||     6
 Cast: Infusion          ||     1
  Use: Scroll            ||     1
  Eat: Chunk             ||     4
Armor: Leather armour    ||    17
Dodge: Dodged            ||    44
